 Dungeon Crawl Stone Soup version 0.30-a0-462-gd5975efbca (webtiles) character file.

Game seed: 9049503528948318933

18 cforsyth the Cudgeller (level 2, -1/25 HPs)
             Began as an Armataur Gladiator on Dec 17, 2022.
             Slain by a gnoll
             ... wielding a +0 spear
              (4 damage)
             ... on level 1 of the Dungeon.
             The game lasted 00:00:46 (467 turns).

cforsyth the Cudgeller (Armataur Gladiator)          Turns: 467, Time: 00:00:47

Health: -1/25      AC:  5    Str: 19    XL:     2   Next: 48%
Magic:  2/2        EV:  9    Int:  8    God:
Gold:   35         SH:  0    Dex: 11    Spells: 1/1 levels left

rFire   . . .      SeeInvis .    a - +0 flail
rCold   . . .      Faith    .    (no shield)
rNeg    . . .      Spirit   .    b - +0 leather armour
rPois   .          Reflect  .    c - +0 helmet
rElec   .          Harm     .    (no cloak)
rCorr   .          Roll     +    (no gloves)
Will    .....                    (no barding)
Stlth   +.........               (no amulet)
HPRegen 0.24/turn                (no ring)
MPRegen 0.08/turn                (no ring)

@: no status effects
A: large, rugged brown scales 3, deformed body, armoured tail, roll, long
tongue, awkward tongue
a: no special abilities


You were on level 1 of the Dungeon.
You visited 1 branch of the dungeon, and saw 1 of its levels.

You collected 35 gold pieces.

Inventory:

Hand Weapons
 a - a +0 flail (weapon)
Missiles
 d - 3 throwing nets (quivered)
 e - a javelin
Armour
 b - a +0 leather armour (worn)
 c - a +0 helmet (worn)
Jewellery
 g - a ring of ice
Scrolls
 f - a scroll of identify {unknown}
Potions
 h - a potion of attraction {unknown}


   Skills:
 + Level 2.1 Fighting
 + Level 2.9 Maces & Flails
 + Level 2.1 Throwing
 + Level 2.3 Dodging


You had one spell level left.
You didn't know any spells.
Your spell library was empty.

Dungeon Overview and Level Annotations

Branches:
Dungeon (1/15)

Altars:


Innate Abilities, Weirdness & Mutations

You are completely covered in rugged brown scales. (AC +3, +7% HP)
Armour fits poorly on your strangely shaped body.
You have a long armoured tail.
You roll when moving toward enemies. (Rampage)
Your long tongue fully drains potion bottles. (2x potion effects)
Your tongue gives you trouble enunciating. (1.5x scroll delay)


Message History

A ball python comes into view.
You roll towards the gnoll!
You hit the gnoll.
The gnoll is lightly wounded.
The gnoll hits you but does no damage.
You closely miss the gnoll.
You tail-slap the gnoll, but do no damage.
The gnoll is lightly wounded.
The gnoll hits you with a +0 spear! The gnoll hits you with a +0 spear.
You are too injured to fight recklessly!
You are too injured to fight recklessly!
You are too injured to fight recklessly!
You are too injured to fight recklessly!
You are too injured to fight recklessly!
You are too injured to fight recklessly!
You are too injured to fight recklessly!
You are too injured to fight recklessly!
You are too injured to fight recklessly!
You hit the gnoll.
The gnoll is lightly wounded.
The gnoll hits you with a +0 spear!
You hit the gnoll.
The gnoll is moderately wounded.
The gnoll hits you with a +0 spear.
* * * LOW HITPOINT WARNING * * *
The ball python misses you.
The gnoll hits you from afar with a +0 spear.
* * * LOW HITPOINT WARNING * * *
The ball python attacks as you move away!
The ball python bites you.
* * * LOW HITPOINT WARNING * * *
The ball python bites you but does no damage.
You hit the ball python.
The ball python is heavily wounded.
The gnoll closely misses you. The ball python misses you.
You barely miss the ball python.
The ball python is heavily wounded.
The ball python bites you.
* * * LOW HITPOINT WARNING * * *
The gnoll hits you from afar with a +0 spear.
You die...

#.......# #..#
#.......#.######..#+####
#.......#..............#
......#.######.#.....#
....# ...+.....#
#..########.#.....#
#...........#.....#
##g##########.....#
#.S@.......'.....#
############.....#
#.....# #######


You could see a gnoll and a ball python.

Vanquished Creatures
  A dart slug (D:1)
  A bat (D:1)
  3 endoplasms (D:1)
  A hobgoblin (D:1)
  3 jackals (D:1)
  A kobold (D:1)
  A ball python (D:1)
  3 rats (D:1)
14 creatures vanquished.

Notes
Turn   | Place    | Note
-------+----------+-------------------------------------------
     0 | D:1      | cforsyth the Armataur Gladiator began the quest for the
                  | Orb.
     0 | D:1      | Reached XP level 1. HP: 18/18 MP: 1/1
   252 | D:1      | Reached XP level 2. HP: 25/25 MP: 2/2
   467 | D:1      | Slain by a gnoll

Illustrated notes

Levels and vault maps discovered:
D:1:      matt_arrival_refuge, layout_basic, dreamdust_ecumenical_altar_grove

Skill      XL: |  1 |
---------------+----+-----
Fighting       | 2 |  2.1
Throwing       | 2 |  2.1
Maces & Flails | |  2.9
Dodging        | |  2.3

Action                   || total
-------------------------++-------
Melee: Flail             ||    45
       Tailslap          ||     6
       Punch             ||     1
Armor: Leather armour    ||    27
Dodge: Dodged            ||    21

Table legend: (Time is in decaauts)
 A = Elapsed time spent in this place.
 B = Non-inter-level travel time spent in this place.
 C = Inter-level travel time spent in this place.
 D = Time resting spent in this place.
 E = Time spent auto-exploring this place.
 F = Levels seen in this place.
 G = Mean time per level.
                   A        B        C        D        E       F      G
               +--------+--------+--------+--------+--------+-----+--------+
         Total |    478 |    422 |     56 |      0 |    322 |   1 |  478.0 |
       Dungeon |    478 |    422 |     56 |      0 |    322 |   1 |  478.0 |
               +--------+--------+--------+--------+--------+-----+--------+

Top non-repeatable levels by time:
     D:1: 478 daAuts
